Map: Vaani Research Station (Void)

Players

Ikaruga

  • Race: Terran Terran
  • League: Master
  • Spawn Location: 12:00

GareDuNord - Winner!

  • Race: Terran Terran
  • League: Diamond
  • Spawn Location: 6:00

VOD

Have the link to the VOD?

Description

Time

  • Played on: Jan. 5, 2017, 8:36 p.m.
  • Length: 13:21
Show
View Real Time Build Order
Export as new Build Order

Ikaruga Terran 

Build Orders: Cyclone Opening 

Get SALT Encoding   

  12  0:00  SCV  
  13  0:12  SCV  
  14  0:20  Supply Depot  
  14  0:24  SCV  
  15  0:31  Refinery  
  15  0:42  SCV  
  16  0:47  Barracks  
  16  0:54  SCV  
  17  1:06  SCV  
  19  1:18  SCV  
  19  1:34  Reaper  
  19  1:35  Orbital Command  
  20  1:41  Refinery  
  20  1:44  Supply Depot  
  20  1:55  Factory  
  20  2:00  SCV  
  21  2:06  Marine  
  22  2:13  SCV  
  23  2:24  Marine  
  23  2:25  SCV  
  23  2:27  Supply Depot  
  25  2:37  SCV  
  25  2:39  Cyclone  
  25  2:42  Starport  
  25  2:43  Marine  
  30  2:53  SCV  
  30  3:19  Viking  
  32  3:22  SCV  
  32  3:23  Barracks Tech Lab  
  33  3:28  Command Center  
  26  3:49  SCV  
  26  3:54  Starport Tech Lab  
  26  3:55  Siege Tank  
  30  4:01  SCV  
  30  4:13  Marine, Raven  
  31  4:32  Marine  
  31  4:34  SCV  
  33  4:40  Siege Tank  
  36  4:46  SCV  
  36  4:49  Orbital Command, Engineering Bay  
  37  4:58  SCV, Viking  
  40  5:09  Barracks Reactor  
  40  5:10  SCV  
  41  5:18  SCV  
  41  5:20  Missile Turret  
  41  5:21  Missile Turret  
  42  5:22  SCV  
  42  5:25  Siege Tank  
  46  5:30  SCV  
  46  5:33  Refinery  
  46  5:34  SCV  
  48  5:42  SCV  
  49  5:46  SCV  
  49  5:47  Refinery  
  50  5:54  SCV  
  50  5:55  Viking  
  53  5:59  SCV, Supply Depot  
  54  6:06  Supply Depot  
  54  6:12  Missile Turret  
  54  6:18  Factory  
  54  6:21  SCV x2, Viking  
  58  6:26  Viking  
  58  6:31  Siege Tank  
  63  6:33  SCV x2  
  63  6:35  Supply Depot  
  65  7:01  Viking x2  
  69  7:02  SCV x2  
  71  7:10  Command Center  
  71  7:14  Liberator, SCV  
  71  7:15  Siege Tank x2  
  77  7:22  SCV  
  78  7:24  Liberator  
  78  7:26  Supply Depot  
  78  7:28  Supply Depot  
  78  7:32  SCV  
  78  7:34  SCV  
  83  7:37  Missile Turret x2  
  86  7:44  SCV  
  86  7:46  SCV  
  86  7:47  Supply Depot  
  86  7:49  Widow Mine x2  
  92  7:57  Missile Turret  
  92  8:00  SCV  
  92  8:03  SCV  
  94  8:12  SCV  
  94  8:15  SCV  
  96  8:21  Missile Turret  
  96  8:23  Siege Tank x2  
  96  8:25  SCV  
  103  8:28  Refinery  
  103  8:31  Refinery  
  103  8:37  Armory  
  103  8:40  SCV  
  103  8:41  Armory  
  104  8:43  SCV  
  105  8:51  Orbital Command  
  106  8:55  SCV  
  106  8:56  SCV  
  106  9:00  Supply Depot  
  111  9:05  Widow Mine x2  
  111  9:07  SCV  
  111  9:08  SCV  
  113  9:11  Factory  
  113  9:12  Liberator x2  
  113  9:17  Factory  
  113  9:20  SCV x3  
  122  9:32  SCV  
  122  9:36  Command Center  
  122  9:38  Missile Turret  
  123  9:41  Missile Turret  
  123  9:49  Terran Vehicle And Ship Armor Level 1, Terran Vehicle Weapons Level 1  
  123  9:55  Supply Depot  
  123  9:56  Supply Depot  
  123  9:58  Factory Tech Lab  
  123  10:00  Siege Tank  
  123  10:01  Siege Tank, Factory Tech Lab  
  129  10:18  Siege Tank  
  129  10:19  Viking x2  
  129  10:20  Missile Turret  
  136  10:41  Drilling Claws, Missile Turret  
  136  10:49  Refinery  
  136  10:50  Refinery  
  135  11:01  Missile Turret  
  129  11:36  Viking x2  
  133  11:53  Siege Tank  
  133  11:54  Siege Tank, Hellion x2  
  86  12:16  Hellion  
  86  12:18  Siege Tank  
  86  12:19  Viking x2  
  88  12:26  Siege Tank x2  
  90  12:37  Siege Tank  
Show
View Real Time Build Order
Export as new Build Order

GareDuNord Terran - Winner!

Build Orders: 1/1/1, Cyclone Opening, Mech 

Get SALT Encoding   

  12  0:00  SCV  
  13  0:13  SCV  
  14  0:18  Supply Depot  
  14  0:25  Refinery  
  14  0:29  SCV  
  15  0:41  SCV  
  16  0:47  Barracks  
  16  0:53  SCV  
  17  0:57  Refinery  
  17  1:05  SCV  
  18  1:17  SCV  
  19  1:29  SCV  
  20  1:34  Reaper  
  20  1:35  Factory  
  21  1:43  Supply Depot  
  21  1:52  Orbital Command  
  21  2:06  Reaper  
  22  2:19  Cyclone  
  22  2:22  Starport  
  25  2:36  Supply Depot  
  25  2:38  Barracks Tech Lab  
  25  2:41  SCV  
  29  2:51  Cyclone  
  29  2:54  SCV  
  30  3:06  SCV  
  30  3:28  Command Center  
  29  3:43  SCV  
  29  3:45  Raven  
  29  3:53  Engineering Bay, Factory Tech Lab  
  29  3:54  Barracks Reactor  
  29  3:55  SCV  
  30  4:11  SCV  
  30  4:15  Command Center  
  31  4:23  SCV  
  32  4:28  Raven  
  34  4:35  SCV  
  34  4:36  Siege Tank  
  34  4:37  Marine  
  39  4:40  Marine, Supply Depot  
  39  4:45  Orbital Command  
  40  4:54  Refinery  
  40  4:58  Refinery  
  40  5:03  SCV  
  41  5:15  SCV  
  41  5:20  Siege Tank  
  45  5:21  SCV  
  45  5:27  SCV  
  47  5:29  Orbital Command  
  47  5:37  Supply Depot  
  47  5:39  SCV  
  48  5:44  Factory  
  48  5:47  SCV  
  49  5:52  SCV  
  49  5:55  Factory  
  50  6:01  Viking  
  52  6:06  SCV x2  
  52  6:07  SCV  
  55  6:12  Armory  
  55  6:16  Viking  
  58  6:18  SCV  
  58  6:24  SCV x2  
  60  6:29  Missile Turret  
  60  6:30  SCV  
  61  6:36  SCV x2  
  61  6:37  Supply Depot  
  63  6:42  SCV  
  64  6:52  Factory Reactor, Siege Tank x2  
  71  6:54  SCV  
  71  6:57  Orbital Command, SCV  
  71  7:00  Terran Vehicle And Ship Armor Level 1  
  71  7:01  Viking x2  
  76  7:08  SCV  
  77  7:23  SCV x2  
  77  7:29  Command Center  
  79  7:31  Missile Turret  
  79  7:34  Missile Turret x2  
  79  7:37  Missile Turret  
  79  7:41  SCV x2, Missile Turret  
  79  7:42  Refinery x2  
  79  7:43  SCV  
  82  7:48  Siege Tank  
  85  7:53  SCV  
  85  7:54  SCV  
  85  7:56  Siege Tank  
  90  8:06  Hellbat  
  92  8:19  SCV  
  93  8:26  Medivac, SCV, Viking  
  100  8:27  Hellbat  
  100  8:29  Missile Turret, Supply Depot x2  
  100  8:30  Supply Depot  
  100  8:32  Armory  
  100  8:37  Factory  
  100  8:38  Factory, SCV  
  100  8:41  SCV  
  102  8:52  Sensor Tower  
  102  8:54  Hellbat x2  
  106  8:56  Medivac  
  106  8:57  SCV x3  
  111  9:06  Medivac  
  111  9:08  Hellbat, Siege Tank  
  111  9:09  SCV x3  
  121  9:12  Supply Depot  
  121  9:14  Supply Depot  
  121  9:15  Hellbat  
  123  9:18  Supply Depot  
  123  9:21  SCV x2  
  125  9:29  Siege Tank  
  128  9:33  SCV  
  128  9:34  Planetary Fortress  
  128  9:35  SCV  
  130  9:43  Factory Reactor, Factory Tech Lab  
  130  9:45  Siege Tank  
  133  9:46  Hellbat x2  
  133  9:48  Terran Ship Weapons Level 1, Terran Vehicle And Ship Armor Level 2  
  133  9:50  SCV  
  133  9:52  SCV  
  139  10:01  Siege Tank  
  139  10:06  Sensor Tower  
  142  10:10  Hellbat, Siege Tank  
  142  10:11  Hellbat  
  149  10:18  Viking x2  
  153  10:28  Starport  
  153  10:29  Starport  
  153  10:32  Starport, Fusion Core, Supply Depot  
  153  10:34  Supply Depot  
  153  10:35  Hellbat x2  
  159  10:36  Hellbat x2  
  159  10:41  Refinery  
  161  10:44  Refinery  
  161  10:45  Siege Tank  
  164  10:54  Hellbat x2, Viking x2  
  164  10:56  Infernal Pre-Igniter  
  172  11:11  Hellbat x4  
  180  11:15  Siege Tank  
  180  11:16  Hellbat  
  180  11:17  Hellbat  
  177  11:22  Starport Tech Lab x3  
  177  11:23  SCV  
  176  11:32  Hellbat x2  
  158  11:59  Siege Tank  
  158  12:00  Hellbat x2  
  157  12:08  Viking x2  
  156  12:09  Battlecruiser x2  
  173  12:46  Viking  
  173  12:47  Viking  
Tags
 
Add a new tag
Caveats
  • Supply blocks, unpowered buildings, or Contaminate may cause inaccurate times.
  • Supply counts are checked every 10 seconds.